 Dungeon Crawl Stone Soup version 0.31-a0-1570-g93c622d222 (webtiles) character file.

Game seed: 8284514964648015362

1892 Flugslaktarn the Fighter (level 8, -3/75 (77) HPs)
             Began as a Minotaur Fighter on Jan 3, 2024.
             Slain by a wight
             ... wielding a +5 battleaxe
              (12 damage)
             ... on level 6 of the Dungeon.
             The game lasted 00:02:28 (3777 turns).

Flugslaktarn the Fighter (Minotaur Fighter)         Turns: 3777, Time: 00:02:29

HP:   -3/75 (77)    AC:  7    Str: 23    XL:     8   Next: 93%
MP:   7/7           EV:  9    Int:  5    God:
Gold: 262           SH:  5    Dex: 10    Spells: 7/7 levels left

rFire   . . .        a - +0 war axe
rCold   . . .        c - +0 buckler
rNeg    . . .        b - +0 scale mail
rPois   .            (helmet restricted)
rElec   .            (no cloak)
rCorr   .            (no gloves)
SInv    .            (no boots)
Will    .....        (no amulet) Stlth
                     (no ring)
HPRegen 0.32/turn    (no ring)
MPRegen 0.10/turn

%: no passive effects
@: lightly drained
A: horns 2, retaliatory headbutt
a: no special abilities


You were on level 6 of the Dungeon.
You visited 1 branch of the dungeon, and saw 6 of its levels.
You also visited: Sewer.

You collected 262 gold pieces.

Inventory:

Hand Weapons
 a - a +0 war axe (weapon)
Missiles
 h - a curare-tipped dart
Armour
 b - a +0 scale mail (worn)
 c - a +0 buckler (worn)
Jewellery
 i - a ring of wizardry
   (You found it on level 2 of the Dungeon)
 k - a ring of resist corrosion
   (You found it on level 4 of the Dungeon)
 v - a ring of positive energy
   (You found it on level 3 of the Dungeon)
 A - a ring of fire
   (You found it on level 6 of the Dungeon)
Wands
 g - a wand of digging (2)
   (You found it on level 4 of the Dungeon)
 s - a wand of acid (22)
   (You took it off a kobold on level 4 of the Dungeon)
Scrolls
 d - a scroll of amnesia {unknown}
 e - a scroll of enchant armour {unknown}
 f - 5 scrolls of teleportation {unknown}
 m - 2 scrolls of enchant weapon {unknown}
 o - a scroll of vulnerability {unknown}
 p - 4 scrolls of poison
 r - 3 scrolls of identify {unknown}
 x - 2 scrolls of fear {unknown}
 y - 2 scrolls of silence {unknown}
 z - a scroll of blinking {unknown}
 B - a scroll of acquirement {unknown}
Potions
 j - a potion of ambrosia {unknown}
 l - a potion of degeneration {unknown}
 n - a potion of resistance
 q - 2 potions of curing
 t - 3 potions of lignification {unknown}
 u - a potion of haste {unknown}


   Skills:
 * Level 8.9 Fighting
 * Level 8.5 Axes
 + Level 6.5 Armour
 + Level 6.5 Shields


You had 7 spell levels left.
You didn't know any spells.
Your spell library contained the following spells:

 Spells                   Type           Power      Damage    Failure   Level
 Slow                     Hex            0%         N/A       83%         1
 Mercury Vapours          Alch/Air       0%         N/A       92%         2
 Confusing Touch          Hex            0%         N/A       99%         3
 Mephitic Cloud           Conj/Alch/Air  0%         N/A       99%         3
 Sigil of Binding         Hex            0%         N/A       99%         3
 Vampiric Draining        Necr           0%         2d6       99%         3
 Anguish                  Hex/Necr       0%         N/A       100%        4
 Cause Fear               Hex            0%         N/A       100%        4
 Freezing Cloud           Conj/Ice/Air   0%         6-21      100%        5
 Enfeeble                 Hex            0%         N/A       100%        7


Dungeon Overview and Level Annotations

Branches:
Dungeon (6/15)              Sewer (visited)
 Temple: D:4-7

Altars:
Ashenzari
Dithmenos
Zin

Shops:
D:3 *?


Innate Abilities, Weirdness & Mutations

You have a pair of horns on your head.
You reflexively headbutt those who attack you in melee.


Message History

No target in view!
B - a scroll labelled ARPHEA FAODO No target in view!
Found a broken altar of Ashenzari.
No target in view!
No target in view!
No target in view!
No target in view!
A howler monkey comes into view.
The howler monkey howls!
A howler monkey is nearby!
A howler monkey is nearby!
The howler monkey hoots and howls with incredible vigour!
You hear a shout! x2; You hear an angry hiss. x3
A wight comes into view. It is wielding a +0 flail.
A wight comes into view. It is wielding a +5 battleaxe.
The howler monkey closely misses you. You furiously retaliate!
You headbutt the howler monkey! You completely miss the howler monkey.
The howler monkey is heavily wounded.
The howler monkey barely misses you.
You hit the howler monkey.
The howler monkey is severely wounded.
The howler monkey hits you.
The howler monkey hits you but does no damage.
You barely miss the howler monkey.
The howler monkey is heavily wounded.
The howler monkey hits you but does no damage.
You hit the howler monkey but do no damage.
The howler monkey is heavily wounded.
You closely miss the wight. The howler monkey barely misses you.
The wight hits you but does no damage.
You hit the howler monkey. You headbutt the howler monkey.
The howler monkey is almost dead.
You barely miss the wight. The howler monkey hits you.
A sky beast comes into view.
A wight comes into view. It is wielding a +0 battleaxe.
The wight hits you with a +0 flail.
You feel drained. You block the howler monkey's attack.
You closely miss the howler monkey. You headbutt the howler monkey.
You kill the howler monkey!
You hit the wight. You barely miss the wight.
The wight hits you with a +0 flail. The wight barely misses you.
The sky beast flickers out of sight!
Deactivating autopickup; reactivate with Ctrl-A.
Your life force feels restored.
There are monsters nearby!
You hit the wight but do no damage.
The wight is moderately damaged.
You closely miss the wight. The wight hits you with a +0 flail.
You block the wight's attack.
There are monsters nearby!
You hit the wight but do no damage. Your headbutt misses the wight.
The wight is moderately damaged.
You completely miss the wight. The wight hits you with a +0 flail.
The wight hits you with a +5 battleaxe!
A kobold brigand comes into view.
It is wielding a +0 whip and quivering poisoned darts.
You closely miss the wight.
You headbutt the wight, but do no damage.
The wight is moderately damaged.
You barely miss the wight. The wight closely misses you.
You furiously retaliate!
You headbutt the wight. The wight hits you with a +5 battleaxe!
You feel drained. The wight hits you with a +5 battleaxe.
The wight hits you with a +0 flail.
* * * LOW HITPOINT WARNING * * *
The air fills with toxic fumes!
As you read the scroll labelled NIEGE UCYOXUOQ, it crumbles to dust.
It was a scroll of poison.
The wight hits you with a +0 flail.
* * * LOW HITPOINT WARNING * * *
The wight closely misses you.
You feel much better. The wight completely misses you.
The wight barely misses you. You furiously retaliate!
You headbutt the wight. The wight hits you with a +5 battleaxe.
You feel drained.
You barely miss the wight.
The wight is heavily damaged.
You hit the wight. x2; The wight hits you with a +0 battleaxe!
You block the wight's attack. The wight closely misses you.
You are too injured to fight recklessly!
You are too injured to fight recklessly!
You slash the wight!
You destroy the wight!
You hit the wight but do no damage. You barely miss the wight.
The kobold brigand throws a poisoned dart.
The poisoned dart hits you!
You are poisoned.
The wight hits you with a +5 battleaxe!
* * * LOW HITPOINT WARNING * * *
You feel drained.
* * * LOW HITPOINT WARNING * * *
The wight closely misses you. You furiously retaliate!
You headbutt the wight!
You destroy the wight!
Press: ? - help, v - describe, . - travel, g - get item
Items here: $ ) [ †.
The floor.
There is a cloud of poison gas here.
Unknown command.
It was a potion of curing.
You feel better.
q - 2 potions of curing;
v - a ring of positive energy Something hits you but does no damage.
The wight hits you with a +5 battleaxe!
You die...

§§§#§#☼## §§§§§☼.§
##§§☼§§§# #§☼§§§§§#
.# #§☼§§#§###§#
≈≈≈≈≈≈≈.#§§..§§§§§§§
..≈≈≈..≈#§☼${z§§§K§#
.≈...≈.≈##.#@§§§§§§§
.≈._.≈.≈##.#§§§§§###
.≈...≈.≈##.#§§§§§#
..≈≈≈..≈##.#§#####
≈≈≈≈≈≈≈.##.§§#####
........#..§§§...# .
########..#§####.##
.. ####§###...###
......
#.##......##.......


You could see a kobold brigand and a wight.

Vanquished Creatures
  Pikel (D:4)
  Grinder (D:5)
  Duvessa (D:4)
  2 ogres
  A centaur (D:5)
  A lemure (D:4)
  2 kobold brigands (Sewer)
  A scorpion (D:5)
  2 wights (D:6)
  Dowan (D:4)
  A howler monkey (D:6)
  3 hounds
  2 bombardier beetles (D:4)
  4 iguanas
  An orc wizard (D:3)
  3 gnolls (D:5)
  11 adders
  A river rat (Sewer)
  A shadow imp (D:6)
  2 ufetubi (D:6)
  4 dart slugs
  3 ribbon worms
  4 orcs (D:3)
  5 bats
  14 endoplasms
  2 giant cockroaches
  6 goblins
  7 hobgoblins
  3 jackals (D:5)
  12 kobolds
  3 quokkas
  14 ball pythons
  3 frilled lizards
  7 rats
129 creatures vanquished.

Vanquished Creatures (others)
  An orc wizard (D:3)
1 creature vanquished.

Grand Total: 130 creatures vanquished

Notes
Turn   | Place    | Note
-------+----------+-------------------------------------------
     0 | D:1      | Flugslaktarn the Minotaur Fighter began the quest for the
                  | Orb.
     0 | D:1      | Reached XP level 1. HP: 19/19 MP: 0/0
    90 | D:1      | Reached XP level 2. HP: 19/27 MP: 1/1
   229 | D:1      | You fall into a shaft and drop 1 floor!
   373 | D:2      | Reached XP level 3. HP: 29/33 MP: 2/2
   645 | D:2      | Found a shadowy altar of Dithmenos.
   721 | D:2      | Reached XP level 4. HP: 30/41 MP: 3/3
   892 | D:3      | Found Gitruas's Magic Scroll Shop.
  1220 | D:3      | Reached skill level 5 in Fighting
  1266 | D:3      | Noticed an ogre
  1273 | D:3      | Killed an ogre
  1274 | D:3      | Reached XP level 5. HP: 36/48 MP: 4/4
  1332 | D:3      | Found Ischits's General Store.
  1433 | D:4      | Reached XP level 6. HP: 56/56 MP: 5/5
  1453 | D:4      | Reached skill level 5 in Axes
  1584 | D:4      | Noticed Duvessa
  1584 | D:4      | Noticed Dowan
  1595 | D:4      | Killed Duvessa
  1600 | D:4      | Killed Dowan
  1601 | D:4      | Reached skill level 5 in Armour
  1669 | D:4      | Noticed Pikel
  1683 | D:4      | Killed Pikel
  1684 | D:4      | Reached skill level 5 in Shields
  1684 | D:4      | Reached XP level 7. HP: 25/66 MP: 6/6
  1967 | D:4      | Found a glowing drain.
  1971 | Sewer    | Entered a sewer
  2081 | Sewer    | Reached XP level 8. HP: 27/73 MP: 7/7
  2546 | D:5      | Entered Level 5 of the Dungeon
  2802 | D:5      | Noticed Grinder
  2802 | D:5      | Paralysed by Grinder for 4 turns
  2818 | D:5      | Killed Grinder
  3095 | D:5      | Found a glowing silver altar of Zin.
  3753 | D:6      | Found a broken altar of Ashenzari.
  3776 | D:6      | HP: 3/70 [wight/+5 battleaxe (7)]
  3777 | D:6      | Slain by a wight

Illustrated notes

Levels and vault maps discovered:
D:1:      eino_arrival_tree_alley, layout_loops_corners, serial_bayou_lake_a
D:2:      layout_basic, basic_altar
D:3:      layout_basic, serial_shops, shop, shop, minmay_diced_spiral
D:4:      layout_loops_corners, mainiacjoe_sewer_entry_somewhere_in_here_2,
          minmay_unequal, uniq_pikel, uniq_duvessa
D:5:      layout_gridville, kennysheep_little_box, uniq_grinder
D:6:      minmay_thick_lines, layout_loops_ring, mainiacjoe_overflow_paths,
          nicolae_overflow_crystal_walls, temple_hall, grunt_ministairs_6,
          kennysheep_small_square

Skill      XL: |  1  2  3  4  5  6  7  8 |
---------------+-------------------------+-----
Fighting       | 4 5 7 8 |  8.9
Axes           | 3 4 6 7 8 |  8.5
Armour         | 4 5 6 |  6.5
Shields        | 4 5 6 |  6.5

Action                     |  1- 3 |  4- 6 |  7- 9 || total
---------------------------+-------+-------+-------++-------
  Melee: War axe           |    72 |   101 |   169 ||   342
         Headbutt          |     9 |    14 |    24 ||    47
    Use: Potion            |       |     3 |     3 ||     6
         Scroll            |       |       |     1 ||     1
 Armour: Scale mail        |    44 |    93 |   119 ||   256
  Dodge: Dodged            |    32 |    38 |    64 ||   134
  Block: Buckler           |    17 |    19 |    41 ||    77

Table legend: (Time is in decaauts)
 A = Elapsed time spent in this place.
 B = Non-inter-level travel time spent in this place.
 C = Inter-level travel time spent in this place.
 D = Time resting spent in this place.
 E = Time spent auto-exploring this place.
 F = Levels seen in this place.
 G = Mean time per level.
                   A        B        C        D        E       F      G
               +--------+--------+--------+--------+--------+-----+--------+
         Total |   3954 |   3899 |     55 |    200 |   2764 |   7 |  564.9 |
       Dungeon |   3571 |   3516 |     55 |    200 |   2590 |   6 |  595.2 |
         Sewer |    382 |    382 |      0 |      0 |    174 |   1 |  382.0 |
               +--------+--------+--------+--------+--------+-----+--------+

Top non-repeatable levels by time:
     D:5: 1008 daAuts
     D:4: 914 daAuts
     D:2: 617 daAuts
     D:3: 552 daAuts
   Sewer: 382 daAuts
     D:1: 244 daAuts
     D:6: 233 daAuts
